[Event "European Rapid Championship 2021"]
[Site "Katowice"]
[Date "2021.12.18"]
[Round "4.26"]
[White "Golubovskis, Maksims"]
[Black "Kaminski, Jan"]
[Result "1-0"]
[ECO "B36"]
[WhiteElo "2210"]
[BlackElo "1812"]
[Annotator "NA"]
[PlyCount "111"]
[EventDate "2021.12.18"]
[EventType "swiss"]
[EventCountry "POL"]
[SourceTitle "playchess.com"]
[Source "ChessBase"]
[SourceQuality "1"]
[TimeControl "900+10"]

1. e4 c5 2. Nf3 g6 3. d4 cxd4 4. Nxd4 Nc6 5. c4 Nf6 6. Nc3 d6 7. f3 Nxd4 8. Qxd4 Bg7 9. Be3 O-O 10. Qd2 Be6 11. Nd5 Nxd5 12. cxd5 Bd7 13. Be2 b5 14. O-O a5 15. Rac1 a4 16. Rc2 a3 17. b3 Qb8 18.
Bd4 Bxd4+ 19. Qxd4 Rc8 20. Rfc1 Rxc2 21. Rxc2 Qa7 22. Qxa7 Rxa7 23. Kf2 f5 24. Ke3 fxe4 25. fxe4 Kf7 26. Kd4 b4 27. Bd3 g5 28. e5 dxe5+ 29. Kxe5 h6 30. Rc5 Rb7 31. Bc4 Kg7 32. h3 Be8 33.
Bd3 Bd7 34. Be4 Ra7 35. Rc4 Rb7 36. Rc5 Ra7 37. Bd3 Rb7 38.
d6 exd6+ 39. Kxd6 Be8 40. Rc7+ Rxc7 41. Kxc7 Bf7 42. Bc2 Bd5 43. g3 Bg2 44. h4 gxh4 45. gxh4 Kf6 46. Kd6 h5 47. Kc5 Ke5 48. Kxb4 Kf4 49. Bd1 Bf3 50. Bxf3 Kxf3 51. Kxa3 Kg4 52. b4 Kxh4 53. b5 Kg4 54. b6 h4 55. b7 h3 56. b8=Q 1-0

[Event "European Rapid Championship 2021"]
[Site "Katowice"]
[Date "2021.12.18"]
[Round "4.27"]
[White "Schneider, Ilja"]
[Black "Zylka, Stanislaw"]
[Result "1-0"]
[ECO "D70"]
[WhiteElo "2490"]
[BlackElo "2367"]
[Annotator "ChessBase"]
[PlyCount "97"]
[EventDate "2021.12.18"]
[EventType "swiss"]
[EventCountry "POL"]
[SourceTitle "playchess.com"]
[Source "ChessBase"]
[SourceQuality "1"]
[TimeControl "900+10"]

1. d4 Nf6 2. c4 g6 3. Nf3 Bg7 4. e3 O-O 5. Be2 d5 6. cxd5 Nxd5 7. e4 Nb6 8.
O-O Nc6 9. Be3 Bg4 10. Nbd2 Qd6 11. Rc1 e6 12. d5 exd5 13. Bc5 Qd7 14. Bxf8 Rxf8 15. exd5 Qxd5 16. Nc4 Qxd1 17. Rfxd1 Na4 18. h3 Bf5 19. Bd3 Be6 20. b3 Nc3 21. Rd2 Nb4 22. Bb1 Nxb1 23. Rxb1 Nc6 24. Ng5 Bf5 25. Rbd1 Bh6 26. f4 f6 27. g4 Bc8 28. Ne4 Bxf4 29.
Rf2 g5 30. Re2 f5 31. gxf5 Bxf5 32. Nxg5 Kh8 33. Ne6 Rg8+ 34.
Kh1 Bg3 35. Rg1 h5 36. Nd2 h4 37. Nf1 Bxh3 38. Nxg3 hxg3 39. Re3 g2+ 40. Kh2 Bf5 41. Nxc7 Rg7 42. Re8+ Kh7 43. Nd5 Rg6 44. Rxg2 Rh6+ 45. Kg1 Nd4 46. Re7+ Kh8 47. Kf2 Rh4 48. Re8+ Kh7 49. Nf6+ 1-0

[Event "European Rapid Championship 2021"]
[Site "Katowice"]
[Date "2021.12.18"]
[Round "4.27"]
[White "Jozwik, Jacek"]
[Black "Walter, Szymon"]
[Result "0-1"]
[ECO "E16"]
[WhiteElo "1817"]
[BlackElo "2203"]
[Annotator "NA"]
[PlyCount "65"]
[EventDate "2021.12.18"]
[EventType "swiss"]
[EventCountry "POL"]
[SourceTitle "playchess.com"]
[Source "ChessBase"]
[SourceQuality "1"]
[TimeControl "900+10"]

1. d4 Nf6 2. c4 e6 3. Nf3 Bb4+ 4. Bd2 Qe7 5. g3 Nc6 6. Bg2 Bxd2+ 7. Nbxd2 d6 8. O-O O-O 9. a3 a5 10. Qc2 Bd7 11. e3 e5 12. Ne4 exd4 13.
Nxf6+ Qxf6 14. exd4 Nxd4 15. Nxd4 Qxd4 16. Rad1 Qf6 17. c5 Bg4 18. Rd2 dxc5 19. Bxb7 Rab8 20. Bg2 a4 21. Qxa4 Be6 22. Qc2 c4 23. Re1 Rb3 24. Re4 Rfb8 25. Red4 c5 26. Rd6 g6 27. Qxc4 Bxc4 28. Rxf6 Rxb2 29. Rxb2 Rxb2 30. Be4 Re2 31. f3 Be6 32. Rf4 Bc4 33. Rf6 0-1

[Event "European Rapid Championship 2021"]
[Site "Katowice"]
[Date "2021.12.18"]
[Round "4.28"]
[White "Flasinski, Michal"]
[Black "Vetoshko, Volodymyr"]
[Result "0-1"]
[ECO "D30"]
[WhiteElo "2195"]
[BlackElo "2483"]
[Annotator "ChessBase"]
[PlyCount "95"]
[EventDate "2021.12.18"]
[EventType "swiss"]
[EventCountry "POL"]
[SourceTitle "playchess.com"]
[Source "ChessBase"]
[SourceQuality "1"]
[TimeControl "900+10"]

1. d4 d5 2. c4 e6 3. Nf3 a6 4. Nbd2 Nf6 5. g3 c5 6. cxd5 exd5 7. Bg2 Nc6 8. O-O Be6 9. Nb3 c4 10. Nc5 Bxc5 11. dxc5 d4 12. Bf4 Ne4 13. Ne5 f5 14. Nxc6 bxc6 15. Be5 O-O 16. Qxd4 Qxd4 17. Bxd4 Bd5 18. Rfd1 Rab8 19. Rac1 Rb5 20. Bf1 Nxc5 21. b3 cxb3 22. Rxc5 bxa2 23. Rxb5 axb5 24. Ba1 Ra8 25. Bg2 Ra4 26. Rd2 Kf7 27. Bxd5+ cxd5 28. Rb2 b4 29. Kg2 Ke6 30. Kf3 d4 31. Rd2 b3 32. Rxd4 b2 33. Bxb2 a1=Q 34. Bxa1 Rxa1 35. Rb4 Ra2 36. Rb7 Kf6 37. h4 Ra3+ 38. Kf4 Ra4+ 39. Kf3 Ra3+ 40. e3 Ra2 41. Rb6+ Kf7 42. Rb5 Kf6 43. Rb7 Rc2 44. Ra7 Rb2 45. h5 h6 46. Ra6+ Kf7 47. Ra5 Kf6 48.
Ra6+ 0-1

[Event "European Rapid Championship 2021"]
[Site "Katowice"]
[Date "2021.12.18"]
[Round "4.28"]
[White "Rykala, Monika"]
[Black "Kos, Pawel"]
[Result "0-1"]
[ECO "E76"]
[WhiteElo "1883"]
[BlackElo "2199"]
[Annotator "NA"]
[PlyCount "62"]
[EventDate "2021.12.18"]
[EventType "swiss"]
[EventCountry "POL"]
[SourceTitle "playchess.com"]
[Source "ChessBase"]
[SourceQuality "1"]
[TimeControl "900+10"]

1. d4 Nf6 2. c4 g6 3. Nc3 Bg7 4. e4 d6 5. f4 c6 6. Nf3 a6 7. a4 Qa5 8. Bd2 Bg4 9. Nd5 Qd8 10. Nxf6+ exf6 11. Qb3 Qe7 12. O-O-O b5 13. a5 O-O 14. h3 Be6 15. d5 Bd7 16. Bd3 bxc4 17. Bxc4 f5 18. e5 Rc8 19. exd6 Qxd6 20. Bb4 Qxf4+ 21. Kb1 Ra7 22. Bc5 cxd5 23. Bxa7 dxc4 24. Qb6 c3 25. Rd4 c2+ 26. Ka2 Be6+ 27. b3 Bxd4 28. Nxd4 Qd2 29. Nf3 c1=N+ 30. Ka3 Qa2+ 31. Kb4 Qxb3# 0-1

[Event "European Rapid Championship 2021"]
[Site "Katowice"]
[Date "2021.12.18"]
[Round "4.29"]
[White "Reimanis, Ritvars"]
[Black "Bogdanov, Ignat"]
[Result "1/2-1/2"]
[ECO "D26"]
[WhiteElo "2397"]
[BlackElo "2058"]
[Annotator "NA"]
[PlyCount "54"]
[EventDate "2021.12.18"]
[EventType "swiss"]
[EventCountry "POL"]
[SourceTitle "playchess.com"]
[Source "ChessBase"]
[SourceQuality "1"]
[TimeControl "900+10"]

1. Nf3 d5 2. d4 Nf6 3. c4 dxc4 4. e3 c5 5. Bxc4 cxd4 6. O-O e6 7. exd4 Be7 8. Nc3 O-O 9. Re1 Nc6 10. a3 a6 11. Bg5 b5 12. Ba2 Bb7 13.
Qd2 b4 14. axb4 Nxb4 15. Bc4 Bxf3 16. gxf3 Nfd5 17. Be3 Bd6 18. Nxd5 Nxd5 19. Bxd5 exd5 20. Bf4 Bxf4 21. Qxf4 Qb6 22. Re2 Rac8 23. Rae1 Qg6+ 24. Kf1 Rc2 25. Re8 Rc8 26. R8e5 Rc2 27. Re8 Rc8 1/2-1/2

[Event "European Rapid Championship 2021"]
[Site "Katowice"]
[Date "2021.12.18"]
[Round "4.29"]
[White "Trzebinski, Patryk"]
[Black "Lewtak, Damian"]
[Result "0-1"]
[ECO "B06"]
[WhiteElo "1767"]
[BlackElo "2185"]
[Annotator "NA"]
[PlyCount "108"]
[EventDate "2021.12.18"]
[EventType "swiss"]
[EventCountry "POL"]
[SourceTitle "playchess.com"]
[Source "ChessBase"]
[SourceQuality "1"]
[TimeControl "900+10"]

1. e4 g6 2. d4 Bg7 3. Be3 b6 4. Bd3 Bb7 5. Nd2 e6 6. Ne2 Ne7 7. O-O O-O 8. c3 f5 9. f3 a5 10. Qc2 a4 11. b3 Bc6 12. b4 b5 13. Bg5 h6 14. Bxe7 Qxe7 15.
Nf4 Qg5 16. Nh3 Qh4 17. d5 exd5 18. exd5 Bxd5 19. Bxb5 Qf6 20. Rac1 Qb6+ 21. Kh1 Qxb5 22. c4 Bxc4 23. Nxc4 Qxb4 24. Nf4 Kh7 25. g4 Qc5 26. Rg1 Ra6 27. h4 fxg4 28. Rxg4 Qf5 29. Qg2 Rc6 30. Rg1 Qxf4 31. Rxf4 Rxf4 32. Qg3 Rfxc4 33. f4 R4c5 34. Re1 h5 35. Re7 Rc1+ 36. Re1 R6c3 37. Qf2 Nc6 38. f5 Rxe1+ 39. Qxe1 gxf5 40. Qd1 Rh3+ 41. Kg2 Rxh4 42. Qxd7 Rg4+ 43. Kf2 Nd4 44. Qxa4 h4 45. Qe8 Kh6 46. a4 Re4 47. Qd7 h3 48. Kg3 Re3+ 49. Kf2 h2 50. Kxe3 h1=Q 51. Qxc7 Qe4+ 52. Kf2 Qe2+ 53. Kg1 Nf3+ 54. Kh1 Qf1# 0-1

[Event "European Rapid Championship 2021"]
[Site "Katowice"]
[Date "2021.12.18"]
[Round "4.30"]
[White "Sanz Wawer, Daniel"]
[Black "Nasuta, Grzegorz"]
[Result "1-0"]
[ECO "B81"]
[WhiteElo "2371"]
[BlackElo "2345"]
[Annotator "NA"]
[PlyCount "57"]
[EventDate "2021.12.18"]
[EventType "swiss"]
[EventCountry "POL"]
[SourceTitle "playchess.com"]
[Source "ChessBase"]
[SourceQuality "1"]
[TimeControl "900+10"]

1. e4 c5 2. Nf3 e6 3. d4 cxd4 4. Nxd4 Nf6 5. Nc3 d6 6. g4 h6 7. h4 Nc6 8. Rg1 d5 9. exd5 Nxd5 10. Nxd5 exd5 11. Be3 Qxh4 12. Qf3 Nxd4 13. Bxd4 Qe7+ 14. Be2 Qe4 15. O-O-O Qxf3 16.
Bxf3 Be6 17. Rge1 Kd7 18. Be3 b6 19. Bxd5 Bxd5 20. Rxd5+ Kc6 21. Red1 f6 22. Rd7 h5 23. Bf4 hxg4 24. a4 Rc8 25. Rxa7 g5 26.
Bg3 f5 27. Be5 Rh6 28. c4 Re6 29. Rd8 1-0

[Event "European Rapid Championship 2021"]
[Site "Katowice"]
[Date "2021.12.18"]
[Round "4.30"]
[White "Rudnicki, Milosz"]
[Black "Hasinski, Krystian"]
[Result "1-0"]
[ECO "A40"]
[WhiteElo "2200"]
[BlackElo "1811"]
[Annotator "NA"]
[PlyCount "111"]
[EventDate "2021.12.18"]
[EventType "swiss"]
[EventCountry "POL"]
[SourceTitle "playchess.com"]
[Source "ChessBase"]
[SourceQuality "1"]
[TimeControl "900+10"]

1. d4 c6 2. Bf4 Nf6 3. e3 g6 4. Nc3 Bg7 5. h4 h5 6. Nf3 Qa5 7. Qd2 Nd5 8. Nxd5 Qxd2+ 9. Nxd2 cxd5 10. c4 dxc4 11. Bxc4 d6 12. O-O Nc6 13. a3 Bd7 14. Rac1 O-O 15. Nf3 Rac8 16. Ng5 Bf6 17. b4 Kg7 18. Bg3 Bxg5 19. hxg5 a6 20. Rfd1 Na7 21. f3 Rc7 22. Bd3 Rfc8 23. Rxc7 Rxc7 24. Be1 Bb5 25. Be4 Ba4 26. Ra1 Nb5 27. Kf2 e6 28. Bd3 d5 29. Bd2 Nd6 30. Rc1 Nc4 31. Bxc4 Rxc4 32. Bc3 Kf8 33. Ke2 Ke7 34. Kd2 Kd6 35. e4 Be8 36. Rh1 b5 37. Rh4 Bc6 38.
Kd3 Ke7 39. g4 hxg4 40. Rxg4 Bb7 41. Rh4 Rc8 42. Bd2 Rf8 43. Rh7 Rg8 44. Bf4 Bc6 45. Be5 Bb7 46. Bf6+ Ke8 47. Ke3 Bc6 48. Kf4 Bb7 49. Ke5 Ba8 50. Rh4 Kd7 51. Rh7 Ke8 52. Kd6 dxe4 53. Rh1 exf3 54. Rc1 Bb7 55. Rc7 f2 56. Rxb7 1-0

[Event "European Rapid Championship 2021"]
[Site "Katowice"]
[Date "2021.12.18"]
[Round "5.1"]
[White "Kacprzak, Kacper"]
[Black "Bjerre, Jonas Buhl"]
[Result "0-1"]
[ECO "B90"]
[WhiteElo "2042"]
[BlackElo "2330"]
[Annotator "NA"]
[PlyCount "96"]
[EventDate "2021.12.18"]
[EventType "swiss"]
[EventCountry "POL"]
[SourceTitle "playchess.com"]
[Source "ChessBase"]
[SourceQuality "1"]
[TimeControl "900+10"]

1. e4 c5 2. Nf3 d6 3. d4 cxd4 4. Nxd4 Nf6 5. Nc3 a6 6. Nb3 Nbd7 7. Be3 b5 8. g4 Bb7 9. Bg2 b4 10. Nd5 e6 11. Nxf6+ Nxf6 12. f3 a5 13. Bf1 Be7 14. Bb5+ Nd7 15. Qd2 O-O 16. O-O-O Ne5 17. Qe2 a4 18. Nd4 b3 19. cxb3 axb3 20. a3 Qb8 21. Kb1 Rc8 22. Rc1 Rc5 23. Rxc5 dxc5 24. Nxb3 c4 25. Bxc4 Nxg4 26. Rd1 Nxe3 27. Qxe3 Bc6 28. Nd4 Be8 29. Qb3 Qxh2 30. Bb5 Rb8 31. a4 Bf6 32. Qc4 Qf2 33. Nc2 Qxf3 34. Rf1 Qg2 35. b4 Bxb5 36. axb5 Ra8 37. Rxf6 gxf6 38. Qc6 Rb8 39. Kb2 Qe2 40. Qc3 Qxb5 41. Qxf6 Rc8 42. e5 Qd3 43. Qg5+ Kf8 44. Qh6+ Ke8 45. Qh2 h5 46. Qg2 Rxc2+ 47. Qxc2 Qxc2+ 48. Kxc2 h4 0-1

[Event "European Rapid Championship 2021"]
[Site "Katowice"]
[Date "2021.12.18"]
[Round "5.3"]
[White "Laurusas, Tomas"]
[Black "Brodowski, Piotr"]
[Result "0-1"]
[ECO "A41"]
[WhiteElo "2553"]
[BlackElo "2414"]
[Annotator "ChessBase"]
[PlyCount "88"]
[EventDate "2021.12.18"]
[EventType "swiss"]
[EventCountry "POL"]
[SourceTitle "playchess.com"]
[Source "ChessBase"]
[SourceQuality "1"]
[TimeControl "900+10"]

1. d4 d6 2. Nf3 g6 3. c4 Nf6 4. Nc3 Bf5 5. e3 Bg7 6. Be2 O-O 7. O-O c5 8. Nh4 Bd7 9. b3 cxd4 10. exd4 Nc6 11. d5 Ne5 12. h3 Be8 13. Be3 a6 14. Qd2 Rc8 15.
Rac1 Qa5 16. Rfd1 b5 17. cxb5 axb5 18. Nxb5 Qxd2 19. Bxd2 Bxb5 20. Bxb5 Ne4 21. Be1 Bh6 22. Rxc8 Rxc8 23. a4 Nc3 24. Ba6 Rc7 25. Ra1 Nxd5 26. b4 Bg7 27. Rb1 Ra7 28. b5 Nc4 29. a5 Bd4 30.
Nf3 Bc5 31. Rc1 Nb2 32. Bc8 Nd3 33. b6 Bxb6 34. axb6 Nxb6 35. Rc3 Nc5 36. Bg4 h5 37. Bxh5 gxh5 38. Nd4 Ra1 39. Kf1 Ne4 40. Rc2 Nd5 41. g3 f6 42. Ke2 Kf7 43. f3 Nc5 44. Rb2 Rxe1+ 0-1

[Event "European Rapid Championship 2021"]
[Site "Katowice"]
[Date "2021.12.18"]
[Round "5.3"]
[White "Szpar, Milosz"]
[Black "Martinkus, Rolandas"]
[Result "1/2-1/2"]
[ECO "C80"]
[WhiteElo "2315"]
[BlackElo "2033"]
[Annotator "NA"]
[PlyCount "61"]
[EventDate "2021.12.18"]
[EventType "swiss"]
[EventCountry "POL"]
[SourceTitle "playchess.com"]
[Source "ChessBase"]
[SourceQuality "1"]
[TimeControl "900+10"]

1. e4 e5 2. Nf3 Nc6 3. Bb5 a6 4. Ba4 Nf6 5. O-O Nxe4 6. d4 b5 7. Bb3 d5 8. dxe5 Be6 9. Be3 Bc5 10. Bxc5 Nxc5 11. Nd4 Nxd4 12. Qxd4 Nb7 13. c3 c5 14. Qe3 Qd7 15. Nd2 d4 16. Bxe6 fxe6 17. cxd4 cxd4 18. Qf3 Rf8 19. Qe4 g6 20. Rac1 Rd8 21. Rc6 Qd5 22. Rfc1 Na5 23. Rxa6 Nc4 24. Qxd5 exd5 25. Nf3 d3 26. Ra7 Rf7 27. Rxf7 Kxf7 28. b3 Nb2 29. Rb1 Rc8 30. Kf1 Rc2 31. Nd4 1/2-1/2

[Event "European Rapid Championship 2021"]
[Site "Katowice"]
[Date "2021.12.18"]
[Round "5.4"]
[White "Dragnev, Valentin"]
[Black "Fridman, Daniel"]
[Result "0-1"]
[ECO "B11"]
[WhiteElo "2409"]
[BlackElo "2626"]
[Annotator "ChessBase"]
[PlyCount "128"]
[EventDate "2021.12.18"]
[EventType "swiss"]
[EventCountry "POL"]
[SourceTitle "playchess.com"]
[Source "ChessBase"]
[SourceQuality "1"]
[TimeControl "900+10"]

1. e4 c6 2. Nc3 d5 3. Nf3 Bg4 4. h3 Bxf3 5. Qxf3 e6 6. Be2 Bc5 7. O-O Nd7 8. exd5 cxd5 9. Rd1 Ngf6 10. d4 Be7 11. Bd3 O-O 12. Ne2 Qb8 13. Nf4 b5 14. h4 Qb7 15. h5 Bd6 16. h6 g6 17. Qh3 Rfe8 18.
Be3 b4 19. Qh4 Rac8 20. Nh3 e5 21. dxe5 Rxe5 22. Bf4 Rh5 23.
Qg3 Bxf4 24. Nxf4 Rxh6 25. Re1 Nc5 26. Re2 Nh5 27. Qg5 Nxf4 28.
Qxf4 Rh5 29. Rae1 Ne6 30. Qf6 Qc7 31. g3 Qd8 32. Qf3 Nd4 33.
Re8+ Qxe8 34. Rxe8+ Rxe8 35. Qf6 Re1+ 36. Kg2 Ne6 37. Bf1 Rf5 38. Qh4 a5 39. a3 bxa3 40. bxa3 Rc1 41. Qa4 Nc5 42. Qe8+ Kg7 43. g4 Rf6 44. Qe2 Ne4 45. f3 Rc6 46. Qe3 R6xc2+ 47. Kg1 Rd2 48. fxe4 Rdd1 49. Kg2 d4 50. Qf2 Rxf1 51. Qxd4+ f6 52.
Qd7+ Kh6 53. Qd2+ g5 54. Qd6 Kg6 55. Qd7 Rg1+ 56. Kh2 Rh1+ 57. Kg2 Rcg1+ 58. Kf2 Rf1+ 59. Kg2 Kh6 60. Qf7 Rhg1+ 61. Kh2 Rxg4 62. Qf8+ Kh5 63. Qf7+ Kh6 64. Qf8+ Kh5 0-1

[Event "European Rapid Championship 2021"]
[Site "Katowice"]
[Date "2021.12.18"]
[Round "5.5"]
[White "Blohberger, Felix"]
[Black "Donchenko, Alexander"]
[Result "0-1"]
[ECO "D02"]
[WhiteElo "2409"]
[BlackElo "2535"]
[Annotator "ChessBase"]
[PlyCount "72"]
[EventDate "2021.12.18"]
[EventType "swiss"]
[EventCountry "POL"]
[SourceTitle "playchess.com"]
[Source "ChessBase"]
[SourceQuality "1"]
[TimeControl "900+10"]

1. d4 Nf6 2. Nf3 d5 3. Bf4 c5 4. e3 Nc6 5. Nbd2 e6 6. c3 Bd6 7. Bg3 O-O 8. Bd3 b6 9. e4 Be7 10. e5 Nh5 11. Ng5 Bxg5 12. Qxh5 g6 13.
Qe2 cxd4 14. h4 Bh6 15. h5 dxc3 16. bxc3 Kg7 17. Nf3 Bb7 18. hxg6 hxg6 19. Rxh6 Kxh6 20. Bh4 f6 21. exf6 Qc7 22. Qe3+ Kh7 23. Qg5 Ne7 24. fxe7 Qxc3+ 25. Ke2 Rf5 26. Rc1 Qa3 27. Bxf5 Ba6+ 28. Ke1 exf5 29. Rc7 Re8 30. Qf6 Qb4+ 31. Nd2 Qg4 32. f3 Qxg2 33. Qe5 Qh1+ 34. Nf1 Qxh4+ 35. Ng3 f4 36. Kd2 fxg3 0-1

[Event "European Rapid Championship 2021"]
[Site "Katowice"]
[Date "2021.12.18"]
[Round "5.5"]
[White "Kindler, Przemyslaw"]
[Black "Kosakowski, Jakub"]
[Result "0-1"]
[ECO "B87"]
[WhiteElo "2032"]
[BlackElo "2438"]
[Annotator "NA"]
[PlyCount "98"]
[EventDate "2021.12.18"]
[EventType "swiss"]
[EventCountry "POL"]
[SourceTitle "playchess.com"]
[Source "ChessBase"]
[SourceQuality "1"]
[TimeControl "900+10"]

1. e4 c5 2. Nf3 d6 3. d4 cxd4 4. Nxd4 Nf6 5. Nc3 a6 6. Bc4 e6 7. Bb3 b5 8. Qf3 Qb6 9. Be3 Qb7 10. e5 dxe5 11. Nde2 Qxf3 12. gxf3 Bb7 13. O-O-O Bxf3 14. Rhg1 Nbd7 15. Rg3 Bb7 16. f4 exf4 17. Nxf4 O-O-O 18. Nxe6 fxe6 19. Bxe6 Bc6 20. Ne2 Kb7 21. b4 Bxb4 22. Rxg7 Rhe8 23. Nd4 Re7 24. Rg3 Nc5 25. Bg5 Nxe6 26. Bxf6 Nxd4 27. Kb2 Nf5 28. Rxd8 Nxg3 29. hxg3 Re8 30. Rd3 Be7 31. Bg7 Rg8 32. Be5 Rg5 33. Bf4 Bf6+ 34. Kc1 Rh5 35. g4 Rd5 36. Rh3 Bg5 37. Rxh7+ Kb6 38. Rf7 Be8 39. Rf8 Bd7 40. Kb2 Bxf4 41. Rxf4 Rg5 42. c4 Rxg4 43. Rf6+ Ka5 44. c5 Rc4 45. Rd6 Be8 46. Re6 Bf7 47. Rc6 Rb4+ 48. Ka1 Ra4 49. Rf6 Bxa2 0-1

[Event "European Rapid Championship 2021"]
[Site "Katowice"]
[Date "2021.12.18"]
[Round "5.6"]
[White "Wieczorek, Oskar"]
[Black "Klekowski, Maciej"]
[Result "0-1"]
[ECO "B46"]
[WhiteElo "2367"]
[BlackElo "2528"]
[Annotator "ChessBase"]
[PlyCount "78"]
[EventDate "2021.12.18"]
[EventType "swiss"]
[EventCountry "POL"]
[SourceTitle "playchess.com"]
[Source "ChessBase"]
[SourceQuality "1"]
[TimeControl "900+10"]

1. e4 c5 2. Nf3 Nc6 3. d4 cxd4 4. Nxd4 e6 5. Nc3 a6 6. Be2 Qc7 7. O-O Nf6 8. Be3 Bb4 9. Na4 Be7 10. Nxc6 bxc6 11. Nb6 Rb8 12. Nxc8 Qxc8 13. e5 Nd5 14. Bc1 c5 15. c4 Nb4 16. b3 O-O 17. Bb2 Qc7 18. Bf3 Rfd8 19. Qe2 a5 20. Rfd1 Nc6 21. Bxc6 Qxc6 22. Rd3 a4 23. Rad1 axb3 24. axb3 Rb7 25. Rh3 Ra8 26. Qc2 g6 27. Qd2 Bf8 28. Rf3 Ra2 29. Qf4 d6 30. Bc3 d5 31. cxd5 exd5 32. e6 Qxe6 33. Re3 Qd7 34. Be5 Rb6 35. h4 d4 36. Rf3 Re6 37. b4 Re2 38.
Re3 Qa4 39. Rf1 dxe3 0-1

[Event "European Rapid Championship 2021"]
[Site "Katowice"]
[Date "2021.12.18"]
[Round "5.7"]
[White "Keinanen, Toivo"]
[Black "Stefansson, Hannes"]
[Result "1-0"]
[ECO "A47"]
[WhiteElo "2341"]
[BlackElo "2519"]
[Annotator "ChessBase"]
[PlyCount "101"]
[EventDate "2021.12.18"]
[EventType "swiss"]
[EventCountry "POL"]
[SourceTitle "playchess.com"]
[Source "ChessBase"]
[SourceQuality "1"]
[TimeControl "900+10"]

1. d4 Nf6 2. Nf3 b6 3. e3 Bb7 4. Bd3 e6 5. O-O d5 6. c4 dxc4 7. Bxc4 Be7 8. b3 O-O 9. Bb2 Nbd7 10. Qe2 Ne4 11. Nc3 Bd6 12. Rfd1 Nxc3 13. Bxc3 Nf6 14. Rac1 Qe7 15. Ba6 Bd5 16. Nd2 e5 17. dxe5 Bxe5 18.
Bxe5 Qxe5 19. Nf3 Qe7 20. Bc4 Bxc4 21. Qxc4 c5 22. Rd3 Rad8 23. Rcd1 Rxd3 24. Qxd3 Rc8 25. h3 h6 26. Nh4 g6 27. Nf3 Ne4 28. Qd7 Rc7 29. Qxe7 Rxe7 30. Rd8+ Kg7 31. Kf1 Rc7 32. Ne5 b5 33. Rd7 Rxd7 34. Nxd7 c4 35. bxc4 bxc4 36. Ke1 c3 37. Ne5 Kf6 38. Nd3 c2 39. Nc1 Kg5 40. f3 Nd6 41. Kd2 Kh4 42. Ne2 Nc4+ 43.
Kd3 Na3 44. Kd2 h5 45. f4 f5 46. Ke1 Nc4 47. Kf2 Nd6 48. Kg1 Ne4 49. Kh2 Ng3 50. Nxg3 c1=Q 51. Ne2 1-0

[Event "European Rapid Championship 2021"]
[Site "Katowice"]
[Date "2021.12.18"]
[Round "5.7"]
[White "Lewtak, Dominik"]
[Black "Wisniewski, Adrian"]
[Result "1/2-1/2"]
[ECO "C00"]
[WhiteElo "2165"]
[BlackElo "2351"]
[Annotator "NA"]
[PlyCount "70"]
[EventDate "2021.12.18"]
[EventType "swiss"]
[EventCountry "POL"]
[SourceTitle "playchess.com"]
[Source "ChessBase"]
[SourceQuality "1"]
[TimeControl "900+10"]

1. e4 e6 2. g3 d5 3. Bg2 Nf6 4. d3 c5 5. Nd2 Nc6 6. Ngf3 Be7 7. O-O dxe4 8.
dxe4 Qc7 9. c3 O-O 10. Qc2 b6 11. a4 Bb7 12. Re1 Ng4 13. Nc4 Ba6 14. Qb3 Rad8 15. Bf1 Bxc4 16. Bxc4 Nge5 17. Nxe5 Nxe5 18. Kg2 Nxc4 19. Qxc4 Qc6 20. Be3 Rd7 21. Red1 Rfd8 22. Rxd7 Qxd7 23. b4 Qd3 24. Qxd3 Rxd3 25. bxc5 Bxc5 26. Bxc5 bxc5 27. Rb1 Kf8 28.
Rb7 a6 29. Ra7 Rxc3 30. Rxa6 Ra3 31. e5 c4 32. Kf1 Ra2 33.
Ke1 h5 34. h4 c3 35. Rc6 Rxa4 1/2-1/2

[Event "European Rapid Championship 2021"]
[Site "Katowice"]
[Date "2021.12.18"]
[Round "5.8"]
[White "Sumets, Andrey"]
[Black "Teclaf, Pawel"]
[Result "1/2-1/2"]
[ECO "B43"]
[WhiteElo "2508"]
[BlackElo "2345"]
[Annotator "ChessBase"]
[PlyCount "26"]
[EventDate "2021.12.18"]
[EventType "swiss"]
[EventCountry "POL"]
[SourceTitle "playchess.com"]
[Source "ChessBase"]
[SourceQuality "1"]
[TimeControl "900+10"]

1. d4 e6 2. Nf3 c5 3. e4 cxd4 4. Nxd4 a6 5. Nc3 b5 6. Bd3 Bb7 7. O-O Nc6 8. Nxc6 Bxc6 9. Re1 Ne7 10. Bf4 Ng6 11. Bg3 Bb4 12. a3 Ba5 13. Qh5 f6 1/2-1/2

[Event "European Rapid Championship 2021"]
[Site "Katowice"]
[Date "2021.12.18"]
[Round "5.8"]
[White "Jonsson, Gauti Pall"]
[Black "Jagodzinski, Piotr"]
[Result "1/2-1/2"]
[ECO "A06"]
[WhiteElo "2014"]
[BlackElo "2145"]
[Annotator "NA"]
[PlyCount "143"]
[EventDate "2021.12.18"]
[EventType "swiss"]
[EventCountry "POL"]
[SourceTitle "playchess.com"]
[Source "ChessBase"]
[SourceQuality "1"]
[TimeControl "900+10"]

1. Nf3 d5 2. g3 Nf6 3. Bg2 c6 4. O-O Bf5 5. d3 e6 6. Nh4 Bg4 7. h3 Bh5 8. Qe1 Be7 9. e4 dxe4 10. dxe4 Na6 11. Be3 Nd7 12. Nf3 Bf6 13. Nd4 Nb6 14. c3 Nc4 15. b3 Nxe3 16. Qxe3 Qb6 17. e5 Be7 18. Nd2 Rd8 19. Nc4 Qc5 20. g4 Bg6 21. f4 Nc7 22. f5 exf5 23.
gxf5 Bh5 24. f6 Bf8 25. Nd6+ Bxd6 26. exd6+ Ne6
27. Rf5 Qxd6 28. fxg7 Rg8 29. Rxh5 Kd7 30. Nxe6 fxe6 31. Qxa7 Kc8 32. Qa8+ Kc7 33. Qa5+ Kc8 34. Qe5 Qxe5 35. Rxe5 Rxg7 36. Rf1 Rd3 37. Rxe6 Rxh3 38. Rf8+ Kd7 39. Rf7+ Rxf7 40.
Bxh3 Kc7 41. Kg2 Kb6 42. Re3 Kc5 43. Be6 Rf6 44. a4 b5 45.
b4+ Kd6 46. a5 c5 47. a6 Rf8 48. bxc5+ Kxc5 49. Re5+ Kd6 50. Rxb5 Kxe6 51. a7 Ra8 52. Rb7 h6 53. Kg3 Kd5 54. Kg4 Kc6 55. Rh7 Kb6 56.
Rxh6+ Kxa7 57. Kf4 Re8 58. Kf5 Kb7 59. c4 Kc7 60. Rh4 Kc6 61.
Re4 Rxe4 62. Kxe4 Kc5 63. Kd3 Kc6 64. Kd4 Kd6 65. c5+ Kc6 66. Kc4 Kc7 67. Kd5 Kd7 68. c6+ Kc7 69. Kc5 Kc8 70. Kd6 Kd8 71. c7+ Kc8 72. Kc6 1/2-1/2

[Event "European Rapid Championship 2021"]
[Site "Katowice"]
[Date "2021.12.18"]
[Round "5.9"]
[White "Skawinski, Arkadiusz"]
[Black "Kacprzak, Karol"]
[Result "1/2-1/2"]
[ECO "C84"]
[WhiteElo "2367"]
[BlackElo "2038"]
[Annotator "NA"]
[PlyCount "111"]
[EventDate "2021.12.18"]
[EventType "swiss"]
[EventCountry "POL"]
[SourceTitle "playchess.com"]
[Source "ChessBase"]
[SourceQuality "1"]
[TimeControl "900+10"]

1. e4 e5 2. Nf3 Nc6 3. Bb5 a6 4. Ba4 Nf6 5. O-O Be7 6. d3 d6 7. c3 O-O 8. Re1 b5 9. Bc2 Re8 10. d4 exd4 11. cxd4 Bg4 12. Nc3 h6 13. Ne2 Bf8 14. Ng3 Nd7 15. Be3 Na5 16. h3 Bxf3 17. Qxf3 c5 18.
Rad1 Nc4 19. Bc1 cxd4 20. Rxd4 Qf6 21. Qxf6 Nxf6 22. b3 Ne5 23. Ba3 Rac8 24. Bb1 d5 25. Bxf8 Kxf8 26. Rdd1 dxe4 27. Nxe4 Nxe4 28. Bxe4 a5 29. Kf1 Rcd8 30. a3 g5 31. Rxd8 Rxd8 32. Rc1 Rd4 33. f3 a4 34. Rc5 Nd3 35. Rxb5 axb3 36. Rxb3 Nc5 37. Re3 Nxe4 38. Rxe4 Rd3 39. a4 Ra3 40. h4 Kg7 41. h5 Ra2 42. Kg1 Kf6 43.
Rb4 Kg7 44. Kh2 f5 45. Rb7+ Kf6 46. Rb6+ Kg7 47. Rg6+ Kh7 48. Ra6 Kg7 49. a5 Ra4 50. Kg1 Ra2 51. Kh2 Ra4 52. Ra7+ Kf6 53. Rh7 g4 54. f4 Rxf4 55. a6 Ra4 56. Rxh6+ 1/2-1/2